 Dungeon Crawl Stone Soup version 0.18.1-50-g88ac8fd (webtiles) character file.

375 Drunkenshrew the Covert (level 6, -5/30 HPs)
             Began as a Spriggan Skald on Sept 25, 2016.
             Slain by Duvessa
             ... wielding a +0 short sword
              (11 damage)
             ... on level 4 of the Dungeon.
             The game lasted 00:13:53 (2757 turns).

Drunkenshrew the Covert (Spriggan Skald)            Turns: 2757, Time: 00:13:53

Health: -5/30      AC:  3    Str:  8    XL:     6   Next: 44%
Magic:  1/11       EV: 18    Int: 13    God:
Gold:   199        SH:  0    Dex: 18    Spells: 2 memorised, 6 levels left

rFire  x . .     SeeInvis +     j - +3 dagger
rCold  + . .     Gourm    .     b - +0 robe
rNeg   . . .     Faith    .     (shield restricted)
rPois  .         Spirit   .     (helmet restricted)
rElec  .         Dismiss  .     m - +0 cloak
rCorr  .         Reflect  .     (gloves unavailable)
SustAt .         Harm     .     (boots unavailable)
MR     +....                    (no amulet)
Stlth  +++++.....               (no ring)
                                p - ring of ice

@: infused, very quick, somewhat resistant to hostile enchantments, quite
stealthy
A: unfitting armour, see invisible, herbivore 3, speed 3, slow metabolism 2
a: no special abilities


You were on level 4 of the Dungeon.
You were hungry.

You visited 1 branch of the dungeon, and saw 4 of its levels.

You collected 199 gold pieces.

Inventory:

Hand Weapons
 j - a +3 dagger (weapon)
Armour
 b - a +0 robe (worn)
 m - a +0 cloak (worn)
Jewellery
 p - a ring of ice (left hand)
Wands
 a - a wand of slowing (33/48)
 k - a wand of digging (7/24)
Scrolls
 e - 3 scrolls of amnesia
 f - 2 scrolls of fear
 h - a scroll of teleportation
 i - 2 scrolls of recharging
 q - a scroll of noise {unknown}
 r - a scroll of identify
Potions
 l - a potion of curing {unknown}
 n - a potion of agility {unknown}
 o - 2 potions of degeneration
Books
 c - a book of Battle

   Spells                             Type                      Level
   a - Infusion                       Charms                       1
   b - Shroud of Golubria             Charms/Translocation         2
   c - Song of Slaying                Charms                       2
   d - Spectral Weapon                Hexes/Charms                 3
   e - Regeneration                   Charms/Necromancy            3
Comestibles
 d - 3 bread rations


   Skills:
 - Level 1.5 Fighting
 - Level 2.1 Short Blades
 - Level 2.3 Dodging
 + Level 10.2 Stealth
 - Level 2.6 Spellcasting
 - Level 4.4 Charms


You had 6 spell levels left.
You knew the following spells:

 Your Spells              Type           Power        Failure   Level  Hunger
a - Infusion              Chrm           ##..         4%          1    #......
b - Regeneration          Chrm/Necr      #.........   34%         3    ###....


Dungeon Overview and Level Annotations

Branches:
Dungeon (4/15)
 Temple: D:4-7

Altars:
Elyvilon

Annotations:
D:4 Duvessa


Innate Abilities, Weirdness & Mutations

You are tiny and cannot use many weapons and most armour.
You have supernaturally acute eyesight.
You are a herbivore.
You cover ground extremely quickly.
You need consume almost no food.


Message History

Found 17 gold pieces.
A sky beast, an orc and an orc priest come into view.
You are feeling hungry.
Found 5 gold pieces.
Duvessa says, "I will journey to Hell to retrieve him!"
Found a scroll of remove curse.
Casting: Infusion
Confirm with . or Enter, or press ? or * to list all spells.
You begin infusing your attacks with magical energy.
You closely miss Duvessa.
Duvessa is severely wounded.
Duvessa hits you but does no damage.
You closely miss Duvessa.
Duvessa is severely wounded.
Duvessa hits you with a short sword.
* * * LOW HITPOINT WARNING * * *
You hit Duvessa.
Duvessa is severely wounded.
Duvessa hits you with a short sword!
You die...

..####.....................#
..........................##
..##..e#..)....#...#......#
#....###.......#.###.##.>##
##.............#.# #.##.>#
...####.......##.###.##..#
..................##.#........#
...#...#..........##.#.######.#
####..##........@......# ..
#...........#.e..#.### .#
###......#.........#.####.$#
...<..##...#####..........#
......####.# #.#.....###
.###### #..####.####..# ##
##.......# #..# #
######..###(.## ##..#.....#


You could see Duvessa.

Vanquished Creatures
  The ghost of UranusSolar the Conjurer, an amateur HEWz (D:3)
  Dowan (D:4)
  A hound (D:4)
  An orc priest (D:4)
  Crazy Yiuf (D:2)
  Ijyb (D:2)
  A hound skeleton (D:4)
  4 adders
  2 oozes
  An adder skeleton (D:4)
  2 worms
  2 dart slugs (D:3)
  2 giant geckos
  5 orcs
  A ball python (D:3)
  6 giant cockroaches
  8 goblins
  7 hobgoblins
  3 jackals (D:2)
  5 kobolds (D:1)
  2 quokkas
  7 bats
  3 giant newts
  5 rats
72 creatures vanquished.

Notes
Turn   | Place    | Note
--------------------------------------------------------------
     0 | D:1      | Drunkenshrew the Spriggan Skald began the quest for the Orb.
     0 | D:1      | Reached XP level 1. HP: 10/10 MP: 5/5
     0 | D:1      | Noticed a minotaur
    10 | D:1      | Noticed a draconian
    16 | D:1      | Noticed an ogre
    47 | D:1      | Reached skill level 1 in Stealth
    52 | D:1      | Reached skill level 2 in Stealth
    56 | D:1      | Reached XP level 2. HP: 8/14 MP: 0/6
    59 | D:1      | Reached skill level 3 in Stealth
   406 | D:1      | Reached skill level 4 in Stealth
   497 | D:1      | Reached XP level 3. HP: 12/18 MP: 4/8
   856 | D:2      | Noticed Ijyb
   875 | D:2      | Killed Ijyb
   875 | D:2      | Reached skill level 5 in Stealth
   999 | D:2      | Found a faded altar to an unknown god.
  1049 | D:2      | Reached skill level 6 in Stealth
  1049 | D:2      | Reached XP level 4. HP: 16/22 MP: 6/9
  1076 | D:2      | Noticed Crazy Yiuf
  1081 | D:2      | Killed Crazy Yiuf
  1096 | D:2      | Learned a level 3 spell: Regeneration
  1336 | D:2      | Reached skill level 7 in Stealth
  1423 | D:3      | Noticed UranusSolar's ghost (amateur HEWz)
  1437 | D:3      | Killed UranusSolar's ghost
  1437 | D:3      | Reached skill level 8 in Stealth
  1437 | D:3      | Reached XP level 5. HP: 11/25 MP: 2/10
  1531 | D:3      | Found a white marble altar of Elyvilon.
  2345 | D:3      | Reached skill level 9 in Stealth
  2407 | D:4      | Reached XP level 6. HP: 30/30 MP: 11/11
  2618 | D:4      | Noticed Duvessa
  2618 | D:4      | Noticed Dowan
  2624 | D:4      | Killed Dowan
  2624 | D:4      | Reached skill level 10 in Stealth
  2660 | D:4      | HP: 1/30 [Duvessa/short sword (13)]
  2734 | D:4      | Noticed a sky beast
  2757 | D:4      | Slain by Duvessa

Skill      XL: |  1  2  3  4  5  6 |
---------------+-------------------+-----
Stealth        | 2 4 6 8 9 10 | 10.2
Fighting       | |  1.5
Short Blades   | |  2.1
Dodging        | |  2.3
Spellcasting   | |  2.6
Charms         | |  4.4

Action                   |  1- 3 |  4- 6 || total
-------------------------+-------+-------++-------
Melee: Short sword       |    16 |       ||    16
       Dagger            |    78 |   132 ||   210
 Cast: Infusion          |    10 |    21 ||    31
       Regeneration      |       |     1 ||     1
  Use: Scroll            |     4 |     3 ||     7
       Potion            |       |     1 ||     1
 Stab: Sleeping          |    10 |    10 ||    20
Armor: Robe              |     8 |    11 ||    19
Dodge: Dodged            |    80 |    76 ||   156
